 Dungeon Crawl Stone Soup version 0.24-a0-417-g1cce26a4d2 (webtiles) character file.

Game seed: 16357772796637439343

20 Amnesiac the Digger (level 2, -1/11 HPs)
             Began as a Felid Earth Elementalist on June 10, 2019.
             Slain by a giant cockroach (2 damage)
             ... on level 2 of the Dungeon.
             The game lasted 00:03:14 (1116 turns).

Amnesiac the Digger (Felid Earth Elementalist)      Turns: 1116, Time: 00:03:15

Health: -1/11      AC:  1    Str:  4    XL:     2   Next: 58%
Magic:  4/6        EV: 18    Int: 16    God:
Gold:   66         SH:  0    Dex: 16    Spells: 2/5 levels left
                                        Lives:  0   Deaths: 0

rFire    . . .     SeeInvis +   (weapon unavailable)
rCold    . . .     Gourm    .   (shield unavailable)
rNeg     . . .     Faith    .   (armour unavailable)
rPois    .         Spirit   .   (helmet unavailable)
rElec    .         Reflect  .   (cloak unavailable)
rCorr    .         Harm     .   (gloves unavailable)
MR       .....                  (boots unavailable)
Stlth    +++.......             (no amulet)
HPRegen  0.03/turn              (no ring)
MPRegen  0.10/turn              (no ring)

@: quick
A: very small, no armour, no weapons or thrown items, stealth, claws 1, fangs 3,
see invisible, carnivore, speed 1, shaggy fur 1, slow metabolism 1, sharp paws
a: no special abilities


You were on level 2 of the Dungeon.
You were completely stuffed.

You visited 1 branch of the dungeon, and saw 4 of its levels.

You collected 66 gold pieces.

Inventory:

Missiles
 b - 63 stones
Scrolls
 a - a scroll of fog {!r, unknown}
 d - a scroll of noise {!r, unknown}
 f - a scroll of teleportation {!r, unknown}
Potions
 e - a potion of ambrosia {!q, unknown}
 h - a potion of curing {!q}
Comestibles
 c - a ration
 g - 2 chunks of flesh


   Skills:
 - Level 2.6 Dodging
 + Level 2.8 Stealth
 + Level 2.3 Spellcasting
 - Level 1.1 Transmutations
 * Level 3.3 Earth Magic


You had 2 spell levels left.
You knew the following spells:

 Your Spells              Type           Power        Failure   Level  Hunger
a - Sandblast             Erth           ##....       5%          1    #......
b - Passwall              Tmut/Erth      #.......     12%         2    ###....

Your spell library contained the following spells:

 Spells                   Type           Power        Failure   Level  Hunger
 Stone Arrow              Conj/Erth      #.....       30%         3    ###....
 Petrify                  Tmut/Erth      #.......     63%         4    #####..
 Lee's Rapid Deconstruct  Erth           ##........   82%         5    ######.


Dungeon Overview and Level Annotations

Branches:
Dungeon (4/15)
 Temple: D:4-7

Altars:


Innate Abilities, Weirdness & Mutations

You cannot wear armour.
You are incapable of wielding weapons or throwing items.
Your paws allow you to move quietly. (Stealth)
You have sharp claws.
You have razor-sharp teeth.
You have supernaturally acute eyesight. (SInv)
You are carnivorous and can eat meat at any time.
You cover ground quickly.
You are covered in fur. (AC +1)
You have a slow metabolism.
Your sharp claws are effective at attacking unaware monsters.


Message History

You barely miss the hobgoblin.
The hobgoblin is severely wounded.
The hobgoblin closely misses you.
You closely miss the hobgoblin.
The hobgoblin is severely wounded.
The hobgoblin barely misses you.
You scratch the hobgoblin.
The hobgoblin is almost dead.
The hobgoblin closely misses you.
You scratch the hobgoblin but do no damage.
The hobgoblin is almost dead.
The hobgoblin hits you.
You barely miss the hobgoblin.
The hobgoblin is almost dead.
The hobgoblin closely misses you.
The frilled lizard bites you but does no damage.
You scratch the hobgoblin.
You kill the hobgoblin!
The frilled lizard misses you.
The giant cockroach completely misses you.
You scratch the giant cockroach but do no damage.
You bite the giant cockroach, but do no damage.
The giant cockroach closely misses you.
You barely miss the giant cockroach. You bite the giant cockroach.
The giant cockroach is moderately wounded.
The giant cockroach barely misses you.
You closely miss the giant cockroach.
The giant cockroach barely misses you. x2
You barely miss the giant cockroach. The giant cockroach bites you.
* * * LOW HITPOINT WARNING * * *
You closely miss the giant cockroach.
The giant cockroach completely misses you.
You scratch the giant cockroach but do no damage.
The giant cockroach bites you.
* * * LOW HITPOINT WARNING * * *
You scratch the giant cockroach.
The giant cockroach is moderately wounded.
The giant cockroach closely misses you.
You scratch the giant cockroach.
The giant cockroach is severely wounded.
The giant cockroach barely misses you.
The giant cockroach completely misses you.
You closely miss the giant cockroach.
The giant cockroach is severely wounded.
The giant cockroach bites you.
* * * LOW HITPOINT WARNING * * *
Casting: Sandblast (safe; 5% risk of failure)
Confirm with . or Enter, or press ? or * to list all spells.
Aiming: Sandblast (safe; 5% risk of failure)
Press: ? - help, Shift-Dir - straight line, f - giant cockroach
Aim: a giant cockroach (heavily wounded, clinging)
The blast of sand hits the giant cockroach.
The giant cockroach is almost dead.
b - 64 stones The giant cockroach barely misses you.
Casting: Sandblast (safe; 5% risk of failure)
Confirm with . or Enter, or press ? or * to list all spells.
Aiming: Sandblast (safe; 5% risk of failure)
Press: ? - help, Shift-Dir - straight line, f/p - giant cockroach
Aim: a giant cockroach (almost dead, clinging)
The blast of sand hits the giant cockroach but does no damage.
The giant cockroach is almost dead.
b - 63 stones The giant cockroach bites you.
You die...

#.....####..........
#.....# #..........
#.....####..........
#...................
###.................
#....#####...†......
#.##.# #l.........
#.##.# #s#########
#<##.#####@#
#.##.......#
#.##.......#
############


You could see a giant cockroach and a frilled lizard.

Vanquished Creatures
  2 leopard geckos (D:3)
  A giant cockroach (D:4)
  4 hobgoblins
  7 bats
  A goblin (D:2)
  A kobold (D:3)
16 creatures vanquished.

Notes
Turn   | Place    | Note
-------+----------+-------------------------------------------
     0 | D:1      | Amnesiac the Felid Earth Elementalist began the quest for
                  | the Orb.
     0 | D:1      | Reached XP level 1. HP: 7/7 MP: 4/4
   230 | D:2      | Reached skill level 3 in Earth Magic
   357 | D:3      | Reached XP level 2. HP: 11/11 MP: 6/6
   361 | D:3      | Learned a level 2 spell: Passwall
   566 | D:4      | Identified a paperback manual
  1116 | D:2      | Slain by a giant cockroach

Levels and vault maps discovered:
D:1:      lightli_molten_gateway, layout_basic
D:2:      layout_basic, minmay_3d_cube
D:3:      layout_basic, elyvilon_altar_5, first_ration
D:4:      layout_basic, kennysheep_mini, minmay_manual_monstrance

Skill      XL: |  1 |
---------------+----+-----
Earth Magic    | 3 |  3.3
Dodging        | |  2.6
Stealth        | |  2.8
Spellcasting   | |  2.3
Transmutations | |  1.1

Action                   || total
-------------------------++-------
Melee: Unarmed           ||    83
       Bite              ||     8
 Cast: Sandblast         ||    14
       Passwall          ||     1
  Use: Potion            ||     1
 Stab: Sleeping          ||     4
  Eat: Chunk             ||     8
Armor: Skin              ||    14
Dodge: Dodged            ||   107

Table legend:
 A = Non-vault XP
 B = Vault XP
 C = Vault XP percentage of total XP
 D = Non-vault monster count
 E = Vault monster count
 F = Vault count percentage of total count
                 A         B        C        D         E       F
            +---------+---------+-------+---------+---------+-------
      Total |      29 |       0 |   0.0 |      16 |       0 |   0.0
            +---------+---------+-------+---------+---------+-------
        D:2 |      11 |       0 |   0.0 |       7 |       0 |   0.0
        D:3 |      16 |       0 |   0.0 |       8 |       0 |   0.0
        D:4 |       2 |       0 |   0.0 |       1 |       0 |   0.0
            +---------+---------+-------+---------+---------+-------
